 Dungeon Crawl Stone Soup version 0.30-a0-29-g142975f185 (webtiles) character file.

Game seed: 16139882716068745011

217 xian the Slasher (level 5, 0/41 HPs)
             Began as a Demonspawn Fighter on Aug 26, 2022.
             Slain by an orc priest
             ... wielding a +0 flail
              (4 damage)
             ... on level 4 of the Dungeon.
             The game lasted 00:06:41 (3823 turns).

xian the Slasher (Demonspawn Fighter)               Turns: 3823, Time: 00:06:41

Health: 0/41       AC: 15    Str: 19    XL:     5   Next: 61%
Magic:  5/5        EV:  7    Int:  9    God:
Gold:   107        SH:  4    Dex: 12    Spells: 4/4 levels left

rFire   x . .      SeeInvis .    a - +0 long sword
rCold   + . .      Faith    .    c - +0 buckler
rNeg    . . .      Spirit   .    o - +0 plate armour
rPois   +          Reflect  .    b - +1 helmet "Bievadwo" {*Slow rPois Stlth+}
rElec   .          Harm     .    (no cloak)
rCorr   .          Rampage  .    m - +0 pair of gloves
Will    .....                    r - +0 pair of boots
Stlth   ..........               (no amulet)
HPRegen 0.13/turn                n - ring of ice
MPRegen 0.09/turn                (no ring)

@: attractive
A: repulsion field 1, powered by pain 1, weakness stinger 1
a: no special abilities


You were on level 4 of the Dungeon.
You visited 1 branch of the dungeon, and saw 4 of its levels.

You collected 107 gold pieces.

Inventory:

Hand Weapons
 a - a +0 long sword (weapon)
Missiles
 g - 17 poisoned darts (quivered)
Armour
 b - the +1 helmet "Bievadwo" (worn) {*Slow rPois Stlth+}
   (You found it on level 2 of the Dungeon)

   rPois:     It protects you from poison.
   *Slow:     It may slow you when you take damage.
   Stlth:     It makes you more stealthy.
 c - a +0 buckler (worn)
 l - the +2 robe "Luilusaciss" {rPois}
   (You found it on level 2 of the Dungeon)

   rPois:     It protects you from poison.
 m - a +0 pair of gloves (worn)
 o - a +0 plate armour (worn)
 r - a +0 pair of boots (worn)
Jewellery
 n - a ring of ice (left hand)
Wands
 k - a wand of roots (9)
Scrolls
 d - a scroll of fear {unknown}
 e - 3 scrolls of teleportation {unknown}
 f - a scroll of fog {unknown}
 j - a scroll of vulnerability {unknown}
 p - a scroll of identify {unknown}
 q - a scroll of enchant weapon {unknown}
 t - a scroll of poison {unknown}
Potions
 h - a potion of resistance {unknown}
 i - 2 potions of attraction
 s - 3 potions of heal wounds {unknown}
 u - a potion of curing {unknown}
 v - a potion of flight {unknown}


   Skills:
 + Level 3.6 Fighting
 + Level 4.2 Long Blades
 + Level 3.1 Armour
 + Level 0.7 Dodging
 + Level 0.4 Stealth
 + Level 3.1 Shields


You had 4 spell levels left.
You didn't know any spells.
Your spell library contained the following spells:

 Spells                   Type           Power      Damage    Failure   Level
 Dazzling Flash           Conj/Hex       0%         N/A       100%        3
 Iskenderun's Mystic Bla  Conj/Tloc      0%         2d3       100%        4
 Starburst                Conj/Fire      0%         6d3       100%        6


Dungeon Overview and Level Annotations

Branches:
Dungeon (4/15)
 Temple: D:4-7

Altars:
Fedhas
Vehumet


Innate Abilities, Weirdness & Mutations

You are surrounded by a mild repulsion field. (EV +2)
You sometimes gain a little power by taking damage.
You have a small tail.


Message History

The hound is moderately wounded.
The hound barely misses you. The hound bites you.
You barely miss the hound.
The hound is moderately wounded.
The hound bites you but does no damage.
An endoplasm comes into view.
The hound bites you but does no damage.
The endoplasm quivers.
You hit the hound. You tail-slap the hound.
You kill the hound!
Something unseen opens the door.
An orc priest comes into view. It is wielding a +0 flail.
You block the orc's attack.
You slash the orc!
You kill the orc!
An orc wizard comes into view. It is wielding a +0 dagger.
You hit the orc priest but do no damage.
The orc priest hits you but does no damage. x2
You hit the orc priest. You tail-slap the orc priest.
The orc priest is heavily wounded.
The orc priest hits you with a +0 flail!
* * * LOW HITPOINT WARNING * * *
The orc priest hits you but does no damage.
You hit the orc priest but do no damage.
You tail-slap the orc priest.
The orc priest is lightly wounded.
The orc priest hits you with a +0 flail.
* * * LOW HITPOINT WARNING * * *
The orc priest hits you but does no damage.
The orc wizard mumbles some strange words.
The orc wizard flickers and vanishes!
Deactivating autopickup; reactivate with Ctrl-A.
The orc priest hits you with a +0 hand axe.
* * * LOW HITPOINT WARNING * * *
The orc priest looks satisfied for a moment.
Okay, then.
It was a potion of attraction.
You feel attractive to monsters.
The orc priest hits you with a +0 flail.
You die...

###########'#
#.#.#.#.#.#.#
+#.#.#.#.#.#.
.#.#.#.#.#.#.#
+#.#.#.#.#.#.#.
.#.#.#.#.#.#.#.#
.#.#.#.#.#.#.#.#.
+#.#?#.#.#.#.#.#.#
#@#.#.#.#.#.#.#.#.
#.{.o#o#.#.#.#.#.#<#.#
+...#.#J#.#.#.#†#.#.#.
#...o#.#.#.#.#†#.#.#.#
#####.#.#.#.#.#.#.#.#.
..#.#.#.#.#.#.#.#.#
..#.#.#+#.#.#.#.#.#.
....+#.#...#.#.#.#.#.#
... #.#+...+#.#<#.#.#.


You could see 2 orc priests and an endoplasm.

Vanquished Creatures
  A hound (D:4)
  An iguana (D:4)
  Robin (D:3)
  4 gnolls (D:3)
  3 adders
  2 worms
  5 dart slugs
  An orc (D:4)
  A ball python (D:3)
  7 endoplasms
  7 hobgoblins
  5 jackals (D:2)
  6 kobolds
  3 quokkas
  4 bats
  3 frilled lizards
  11 goblins
  4 rats
  A spectral hobgoblin (D:2)
70 creatures vanquished.

Notes
Turn   | Place    | Note
-------+----------+-------------------------------------------
     0 | D:1      | xian the Demonspawn Fighter began the quest for the Orb.
     0 | D:1      | Reached XP level 1. HP: 18/18 MP: 1/1
   176 | D:1      | Gained mutation: You sometimes gain a little power by
                  | taking damage. [demonic ancestry]
   176 | D:1      | Reached XP level 2. HP: 24/24 MP: 2/2
   469 | D:1      | Reached skill level 2 in Long Blades
  1124 | D:2      | Gained mutation: You are surrounded by a mild repulsion
                  | field. (EV +2) [demonic ancestry]
  1124 | D:2      | Reached XP level 3. HP: 22/29 MP: 3/3
  1311 | D:2      | Found a faded altar of an unknown god.
  1471 | D:2      | Identified the +2 robe "Luilusaciss" {rPois}
  2052 | D:2      | Found a blossoming altar of Fedhas.
  2391 | D:2      | Identified the +1 helmet "Bievadwo" {*Slow rPois Stlth+}
  2726 | D:2      | Gained mutation: You have a small tail. [demonic ancestry]
  2726 | D:2      | Reached XP level 4. HP: 35/35 MP: 4/4
  2791 | D:3      | Reached skill level 3 in Long Blades
  3265 | D:3      | Found a blossoming altar of Fedhas.
  3312 | D:3      | Noticed Robin
  3323 | D:3      | Killed Robin
  3326 | D:3      | Reached XP level 5. HP: 38/41 MP: 5/5
  3694 | D:4      | Found a radiant altar of Vehumet.
  3791 | D:4      | Reached skill level 4 in Long Blades
  3823 | D:4      | Slain by an orc priest

Illustrated notes

Levels and vault maps discovered:
D:1:      dpeg_arrival_rooms_b, layout_basic
D:2:      layout_basic, dreamdust_ecumenical_altar_drowned_temple, basic_altar
D:3:      layout_basic, mainiacjoe_overflow_small_starburst, uniq_robin
D:4:      layout_basic, fiery_altar_vehumet, led_sif_book,
          minmay_temple_entry_waves, uniq_natasha, uniq_pikel

Skill      XL: |  1  2  3  4  5 |
---------------+----------------+-----
Long Blades    | 2 3 4 |  4.2
Armour         | 3 |  3.1
Shields        | 3 |  3.1
Fighting       | |  3.6
Dodging        | |  0.7
Stealth        | |  0.4

Action                   |  1- 3 |  4- 6 || total
-------------------------+-------+-------++-------
Melee: Long sword        |   151 |   100 ||   251
       Tailslap          |       |    13 ||    13
Throw: Dart              |     1 |       ||     1
  Use: Potion            |       |     2 ||     2
Armor: Scale mail        |   102 |       ||   102
       Plate armour      |     5 |    73 ||    78
Dodge: Dodged            |    96 |    38 ||   134
Block: Buckler           |    30 |    19 ||    49

Table legend: (Time is in decaauts)
 A = Elapsed time spent in this place.
 B = Non-inter-level travel time spent in this place.
 C = Inter-level travel time spent in this place.
 D = Time resting spent in this place.
 E = Time spent auto-exploring this place.
 F = Levels seen in this place.
 G = Mean time per level.
                   A        B        C        D        E       F      G
               +--------+--------+--------+--------+--------+-----+--------+
         Total |   3899 |   3855 |     44 |      0 |   2819 |   4 |  974.8 |
       Dungeon |   3899 |   3855 |     44 |      0 |   2819 |   4 |  974.8 |
               +--------+--------+--------+--------+--------+-----+--------+

Top non-repeatable levels by time:
     D:2: 1694 daAuts
     D:1: 1132 daAuts
     D:3: 924 daAuts
     D:4: 148 daAuts
